 Dungeon Crawl Stone Soup version 0.28.0-53-g5a82cb258f (webtiles) character file.

Game seed: 4813990010586871971

104 safid the Chopper (level 4, -2/40 HPs)
             Began as a Hill Orc Fighter on Aug 12, 2022.
             Slain by a worm (7 damage)
             ... on level 2 of the Dungeon.
             The game lasted 00:01:23 (594 turns).

safid the Chopper (Hill Orc Fighter)                 Turns: 594, Time: 00:01:24

Health: -2/40      AC:  7    Str: 20    XL:     4   Next: 80%
Magic:  4/4        EV:  9    Int:  8    God:
Gold:   33         SH:  4    Dex: 10    Spells: 3/3 levels left

rFire   . . .      SeeInvis .   a - +0 war axe
rCold   . . .      Faith    .   c - +0 buckler
rNeg    . . .      Spirit   .   b - +0 scale mail
rPois   .          Reflect  .   (no helmet)
rElec   .          Harm     .   (no cloak)
rCorr   .          Rampage  .   (no gloves)
Will    .....                   (no boots)
Stlth   ..........              (no amulet)
HPRegen 0.13/turn               (no ring)
MPRegen 0.09/turn               (no ring)

@: no status effects
A: no striking features
a: no special abilities


You were on level 2 of the Dungeon.
You visited 1 branch of the dungeon, and saw 2 of its levels.

You collected 33 gold pieces.

Inventory:

Hand Weapons
 a - a +0 war axe (weapon)
Missiles
 e - 6 javelins (quivered)
Armour
 b - a +0 scale mail (worn)
 c - a +0 buckler (worn)
Scrolls
 g - 2 scrolls of identify {unknown}
 h - a scroll of fear {unknown}
 i - a scroll of magic mapping {unknown}
 j - a scroll of enchant weapon {unknown}
 k - 3 scrolls of holy word {unknown}
Potions
 d - a potion of might
 f - 3 potions of curing {unknown}


   Skills:
 - Level 4.0 Fighting
 + Level 4.8 Axes
 - Level 4.0 Armour
 - Level 4.0 Shields


You had 3 spell levels left.
You didn't know any spells.
Your spell library was empty.

Dungeon Overview and Level Annotations

Branches:
Dungeon (2/15)

Altars:


Message History

The phantom completely misses you.
A worm comes into view.
You closely miss the phantom.
The phantom is heavily damaged.
The phantom hits you.
* * * LOW HITPOINT WARNING * * *
Unknown command.
You slash the phantom!
The phantom is almost destroyed.
The phantom barely misses you. x2
Unknown command.
You slash the phantom!
You destroy the phantom!
Training target 4.0 for Shields reached!
Training target 4.0 for Armour reached!
Your Axes skill increases to level 4!
Your Armour skill increases to level 4!
Your Shields skill increases to level 4!
You have reached level 4!
You start resting.
A worm is nearby!
You start resting.
A worm is nearby!
You are too injured to fight recklessly!
You are too injured to fight recklessly!
You are too injured to fight recklessly!
The worm bites you but does no damage.
You hit the worm.
The worm is moderately wounded.
The worm bites you.
* * * LOW HITPOINT WARNING * * *
You barely miss the worm.
The worm is moderately wounded.
The worm bites you.
* * * LOW HITPOINT WARNING * * *
You barely miss the worm.
The worm is moderately wounded.
You slash the worm!
The worm is severely wounded.
The worm bites you!
You die...

####(#...........
#.###...####..
#.# ##.## #.# #.#
#. #.# #. #.# #.#
#w#### #.@..#
####.# #.#.# #.#
#.#.# #.# #.#.#
#.# ....# #.#.#
#.# ##.#.# #.#.#
##.## ..)#.####
#.#.###...####..
<.(.....#
#.#.............


You could see a worm.

Vanquished Creatures
  A phantom (D:2)
  An adder (D:2)
  4 endoplasms
  2 goblins (D:1)
  2 hobgoblins (D:2)
  3 jackals (D:2)
  2 quokkas (D:1)
  4 frilled lizards
  2 kobolds (D:1)
  3 rats
24 creatures vanquished.

Notes
Turn   | Place    | Note
-------+----------+-------------------------------------------
     0 | D:1      | safid the Hill Orc Fighter began the quest for the Orb.
     0 | D:1      | Reached XP level 1. HP: 19/19 MP: 1/1
   123 | D:1      | Reached XP level 2. HP: 25/27 MP: 2/2
   406 | D:2      | Found a faded altar of an unknown god.
   417 | D:2      | Reached XP level 3. HP: 29/33 MP: 3/3
   545 | D:2      | Noticed a phantom
   559 | D:2      | Killed a phantom
   560 | D:2      | Reached XP level 4. HP: 8/40 MP: 4/4
   594 | D:2      | Slain by a worm

Illustrated notes

Levels and vault maps discovered:
D:1:      minmay_arrival_radiant_lines, layout_rooms
D:2:      layout_loops_ring, basic_altar, chequers_ecumenical_altar_simple_redux

Skill      XL: |  1  2  3 |
---------------+----------+-----
Axes           | 3 4 |  4.8
Fighting       | 4 |  4.0
Armour         | 4 |  4.0
Shields        | 4 |  4.0

Action                   |  1- 3 |  4- 6 || total
-------------------------+-------+-------++-------
Melee: War axe           |    52 |     4 ||    56
Armor: Scale mail        |    21 |     1 ||    22
Dodge: Dodged            |    28 |       ||    28
Block: Buckler           |     5 |       ||     5
